 Dungeon Crawl Stone Soup version 0.28-b1-25-g9875b3fc8c (webtiles) character file.

Game seed: 10218082767242024303

3570 adizb the Skirmisher (level 9, -1/80 HPs)
             Began as a Purple Draconian Fighter on Feb 2, 2022.
             Was a Follower of Wu Jian.
             Slain by a wyvern (4 damage)
             ... on level 7 of the Dungeon.
             The game lasted 00:51:43 (6282 turns).

adizb the Skirmisher (Purple Draconian Fighter)     Turns: 6282, Time: 00:51:44

Health: -1/80      AC:  9    Str: 26    XL:     9   Next: 84%
Magic:  16/16      EV: 12    Int: 11    God:    Wu Jian [*.....]
Gold:   342        SH:  9    Dex: 11    Spells: 15/17 levels left

rFire   . . .      SeeInvis .   m - +3 dagger "Yciokhy" {flame, rCorr}
rCold   . . .      Faith    .   G - +0 kite shield
rNeg    . . .      Spirit   .   (armour unavailable)
rPois   .          Reflect  .   (helmet restricted)
rElec   .          Harm     .   f - scarf {shadows}
rCorr   +          Rampage  .   l - +1 pair of gloves
Will    +....                   (no boots)
Stlth   +++.......              e - amulet of the acrobat
HPRegen 0.23/turn               j - +6 ring of strength
MPRegen 0.15/turn               E - ring of flight

@: mighty, short of breath, flying
A: breathe power, AC +7, unfitting armour, cold-blooded
a: Breathe Dispelling Energy, Renounce Religion


You were on level 7 of the Dungeon.
You worshipped Wu Jian.
Wu Jian was aware of your devotion.
You visited 2 branches of the dungeon, and saw 9 of its levels.

You collected 454 gold pieces.
You spent 112 gold pieces at shops.

Inventory:

Hand Weapons
 h - a +3 short sword of speed
 i - a +1 short sword of distortion
 m - the +3 dagger "Yciokhy" (weapon) {flame, rCorr}
   (You found it on level 2 of the Dungeon)

   It burns those it strikes, dealing additional fire damage.
   rCorr:     It protects you from acid and corrosion.
 r - a +0 short sword of venom
 z - a +2 scythe of flaming
 D - a +6 great sword
Missiles
 t - 4 large rocks
Armour
 b - a +0 buckler
 f - a scarf of shadows (worn)
 l - a +1 pair of gloves (worn)
 G - a +0 kite shield (worn)
Jewellery
 e - an amulet of the acrobat (around neck)
 j - a +6 ring of strength (left hand)
 u - a ring of magical power
 E - a ring of flight (right hand)
Wands
 o - a wand of flame (3)
 A - a wand of acid (1) (quivered)
 F - a wand of iceblast (21)
Scrolls
 a - a scroll of teleportation
 g - a scroll of identify
 k - a scroll of fear
 q - a scroll of brand weapon {unknown}
 v - a scroll of enchant weapon
 w - a scroll of summoning {unknown}
 y - a scroll of immolation {unknown}
 B - a scroll of blinking {unknown}
 C - a scroll of amnesia {unknown}
 H - a scroll of fog {unknown}
Potions
 c - 3 potions of might
 d - a potion of cancellation
 n - a potion of magic {unknown}
 p - a potion of mutation {unknown}
 s - 2 potions of curing {unknown}
 x - a potion of ambrosia {unknown}
 I - a potion of flight {unknown}


   Skills:
 + Level 7.7 Fighting
 + Level 5.8 Short Blades
 + Level 5.5 Dodging
 + Level 5.1 Stealth
 + Level 6.2 Shields
 + Level 4.8 Spellcasting
 + Level 4.7 Hexes


You had 15 spell levels left.
You knew the following spells:

 Your Spells              Type           Power      Damage    Failure   Level
a - Ensorcelled Hibernat  Hex/Ice        14%        N/A       32%         2

Your spell library contained the following spells:

 Spells                   Type           Power      Damage    Failure   Level
 Beastly Appendage        Tmut           4%         N/A       52%         1
 Sandblast                Erth           4%         2d4       52%         1
 Corpse Rot               Necr/Air       4%         N/A       65%         2
 Passwall                 Tmut/Erth      1%         N/A       65%         2
 Wereblood                Tmut           2%         N/A       65%         2
 Spider Form              Tmut/Pois      2%         N/A       87%         3
 Stone Arrow              Conj/Erth      4%         3d7       87%         3
 Swiftness                Air            2%         N/A       87%         3
 Anguish                  Hex/Necr       3%         N/A       91%         4
 Agony                    Necr           2%         N/A       100%        5
 Borgnjor's Revivificati  Necr           1%         N/A       100%        8


Dungeon Overview and Level Annotations

Branches:
Dungeon (8/15)             Temple (1/1) D:4
   Lair: D:8-11

Altars:
Ashenzari
Cheibriados
Dithmenos
Elyvilon
Fedhas
Gozag
Hepliaklqana
Kikubaaqudgha
Makhleb
Nemelex Xobeh
Qazlal
Sif Muna
Trog
Uskayaw
Vehumet
Wu Jian
Xom
Yredelemnul
Zin
The Shining One

Shops:
D:6 *   D:8 [(


Innate Abilities, Weirdness & Mutations

You can breathe bolts of dispelling energy.
Your rich purple scales are hard. (AC +7)
You cannot fit into any form of body armour.
You are cold-blooded and may be slowed by cold attacks.


Message History

There is a stone staircase leading down here.
You fly downwards.
The orc warrior shouts!
The orc priest shouts!
You hear a shout!
The wyvern bites you!
The orc priest invokes the aid of Beogh against you.
Pain shoots through your body!
An orc comes into view. It is wielding a +0 whip.
The wyvern closely misses you.
Found a scroll of enchant armour.
Found a stone staircase leading up.
There is a stone staircase leading up here.
You barely miss the wyvern.
The orc shouts!
The wyvern bites you but does no damage.
The wyvern bites you but does no damage.
The wyvern barely misses you.
You fly upwards.
There is a stone staircase leading down here.
You spin and attack the wyvern.
You hit the wyvern but do no damage. The wyvern bites you!
* * * LOW HITPOINT WARNING * * *
You hit the wyvern but do no damage. You block the wyvern's attack.
Aiming: Breathe Dispelling Energy (4% risk of failure)
Press: ? - help, Shift-Dir - straight line, f - wyvern
Aim: a wyvern (53% to hit)
You breathe a bolt of dispelling energy.
The bolt of dispelling energy misses the wyvern.
The wyvern misses you. The wyvern barely misses you.
You hit the wyvern but do no damage. The wyvern closely misses you.
You closely miss the wyvern. The wyvern barely misses you.
You hit the wyvern. You burn the wyvern.
The wyvern is lightly wounded.
You block the wyvern's attack. The wyvern bites you!
* * * LOW HITPOINT WARNING * * *
You puncture the wyvern! You burn the wyvern.
Your tail-slap misses the wyvern.
The wyvern is heavily wounded.
The wyvern bites you!
* * * LOW HITPOINT WARNING * * *
You feel very mighty all of a sudden. The wyvern bites you.
You die...

##..###.# ###.... ########
####...###.# #....
#......#####........#.# #....
###.................#.# #....
#...#(...###........#># #....
#.#......###........#.# ##....
#.##<.#...............# ##.....
#.##..#..###.>.......## #......
#..#..##.###.l@......## #......
##.#..................###......
#.#.##...##...........##......
#..[# ##............#.........
##..#######......##.#####.....
#.........#.###.....######....
#.........#.###.........#####.
#.............................
#...........###...........###.


You could see a wyvern.

Vanquished Creatures
  A two-headed ogre (D:8)
  Maggie (D:6)
  Grinder (D:3)
  Sigmund (D:5)
  2 orc warriors
  A black bear (D:7)
  An ice beast (D:7)
  2 sky beasts
  2 ogres
  A centaur (D:6)
  A phantom (D:7)
  A kobold brigand (D:8)
  A wyvern zombie (D:8)
  3 bullfrogs (D:7)
  2 scorpions
  A water moccasin zombie (D:5)
  5 wights (D:6)
  An electric eel (D:8)
  A howler monkey (D:5)
  2 centaur zombies
  2 hounds
  A jelly (D:7)
  4 orc priests
  4 iguanas
  Natasha (thrice) (D:3)
  Terence (D:3)
  An orc wizard (D:7)
  A hound skeleton (D:4)
  Robin (D:3)
  2 gnolls (D:5)
  10 adders
  A worm (D:3)
  A dart slug (D:1)
  8 orcs
  6 endoplasms
  4 giant cockroaches
  12 hobgoblins
  12 kobolds
  3 quokkas
  7 ball pythons
  A ball python zombie (D:3)
  3 bats
  3 frilled lizards
  14 goblins
  2 rats (D:3)
138 creatures vanquished.

Vanquished Creatures (others)
  A gnoll (D:5)
1 creature vanquished.

Grand Total: 139 creatures vanquished

Notes
Turn   | Place    | Note
-------+----------+-------------------------------------------
     0 | D:1      | adizb the Draconian Fighter began the quest for the Orb.
     0 | D:1      | Reached XP level 1. HP: 19/19 MP: 1/1
     1 | D:1      | Noticed a demonspawn
     1 | D:1      | Noticed a human
     3 | D:1      | Noticed a formicid
     3 | D:1      | Noticed a spriggan
     5 | D:1      | Noticed a demonspawn
     7 | D:1      | Noticed an ogre
     8 | D:1      | Noticed a dwarf
    10 | D:1      | Noticed a naga
    10 | D:1      | Noticed a felid
    12 | D:1      | Noticed a demigod
    12 | D:1      | Noticed an ogre
    14 | D:1      | Noticed a vine stalker
    14 | D:1      | Noticed an octopode
    16 | D:1      | Noticed a draconian
    16 | D:1      | Noticed a demigod
    16 | D:1      | Noticed a merfolk
    18 | D:1      | Noticed a felid
    20 | D:1      | Noticed a tengu
   226 | D:1      | Reached XP level 2. HP: 24/26 MP: 2/2
   453 | D:1      | Found a faded altar of an unknown god.
   646 | D:2      | Found a glowing golden altar of the Shining One.
   687 | D:2      | Reached XP level 3. HP: 30/33 MP: 3/3
   821 | D:2      | Identified the +3 dagger "Yciokhy" {flame, rCorr}
   982 | D:3      | Noticed Grinder
  1007 | D:3      | Paralysed by Grinder for 4 turns
  1052 | D:3      | Noticed Robin
  1058 | D:3      | Reached skill level 4 in Fighting
  1065 | D:2      | Reached skill level 1 in Stealth
  1332 | D:3      | Reached XP level 4. HP: 39/40 MP: 4/4
  1353 | D:3      | Killed Robin
  1384 | D:3      | Noticed Natasha
  1400 | D:3      | Killed Natasha
  1481 | D:3      | Noticed Natasha
  1502 | D:3      | HP: 2/41 [Natasha (2)]
  1504 | D:3      | Killed Natasha
  1505 | D:3      | Reached XP level 5. HP: 2/47 MP: 5/5
  1801 | D:3      | Noticed Terence
  1815 | D:3      | Killed Terence
  1954 | D:3      | Reached skill level 5 in Fighting
  2065 | D:3      | Killed Grinder
  2066 | D:3      | Reached XP level 6. HP: 27/56 MP: 6/6
  2123 | D:3      | Noticed Natasha
  2132 | D:3      | Killed Natasha
  2171 | D:3      | Your scales start taking on a rich purple colour.
  2171 | D:3      | Reached XP level 7. HP: 35/62 MP: 7/7
  2751 | D:4      | Found a staircase to the Ecumenical Temple.
  2759 | Temple   | Entered the Ecumenical Temple
  2955 | Temple   | Became a worshipper of the Wu Jian Council
  3257 | D:5      | Entered Level 5 of the Dungeon
  3320 | D:5      | Reached skill level 6 in Fighting
  3529 | D:5      | Reached skill level 1 in Hexes
  3700 | D:5      | Reached skill level 1 in Spellcasting
  3825 | D:5      | Noticed Sigmund
  3899 | D:5      | Killed Sigmund
  3900 | D:5      | Reached XP level 8. HP: 53/71 MP: 10/10
  4274 | D:6      | Reached skill level 5 in Shields
  4313 | D:6      | Found Vizyiw's Overcharged Wands.
  4414 | D:6      | Noticed Maggie
  4479 | D:6      | Reached * piety under Wu Jian
  4773 | D:6      | Killed Maggie
  4774 | D:6      | Reached skill level 7 in Fighting
  4774 | D:6      | Reached skill level 5 in Short Blades
  4774 | D:6      | Reached XP level 9. HP: 58/79 MP: 12/14
  4777 | D:6      | Got the Reference Book on Evil Rites
  4883 | D:6      | Learned a level 2 spell: Ensorcelled Hibernation
  5207 | D:7      | Reached skill level 5 in Dodging
  5634 | D:8      | Found Xuwint's Antique Armour Shoppe.
  5635 | D:8      | Found Syuzag's Weapon Boutique.
  5664 | D:8      | Bought a kite shield for 112 gold pieces
  5710 | D:8      | Noticed a two-headed ogre
  5779 | D:8      | Killed a two-headed ogre
  5780 | D:8      | Reached skill level 5 in Stealth
  6281 | D:7      | HP: 3/80 [wyvern (10)]
  6282 | D:7      | Slain by a wyvern

Illustrated notes

Levels and vault maps discovered:
D:1:      shiori_arrival_whats_in_store_for_you, layout_rooms,
          hellmonk_ecumenical_altar_inner_sanctum, hangedman_decor_points
D:2:      layout_rooms, basic_altar, corexii_leaking_fountain,
          uniq_crazy_yiuf_cottage
D:3:      layout_rooms, minmay_divided_ellipse, uniq_grinder, uniq_robin,
          uniq_terence, uniq_natasha
D:4:      layout_layer_cave, minmay_temple_entry_mini_moons
D:5:      layout_loops_corners, uniq_sigmund
D:6:      layout_basic, corexii_checkpoint_a, minmay_misc_feat_encased,
          nicolae_shop_overcharged_wands, uniq_maggie
D:7:      layout_rooms, nicolae_concentric_dashed_squares_mild
D:8:      corexii_shack_village, layout_basic,
          mainiacjoe_overflow_large_starburst, nicolae_wooded_promenade
Temple:   regret_index_temple_chain_breaker

Skill      XL: |  1  2  3  4  5  6  7  8  9 |
---------------+----------------------------+-----
Fighting       | 4 5 6 7 |  7.7
Dodging        | 3 4 5 |  5.5
Stealth        | 1 2 3 4 5 |  5.1
Short Blades   | 3 4 5 |  5.8
Shields        | 4 5 6 |  6.2
Hexes          | 1 3 4 |  4.7
Spellcasting   | 1 3 4 |  4.8

Action                   |  1- 3 |  4- 6 |  7- 9 || total
-------------------------+-------+-------+-------++-------
Melee: Rapier            |    33 |       |       ||    33
       Tailslap          |     8 |    12 |    59 ||    79
       Short sword       |    39 |       |       ||    39
       Dagger            |    29 |   153 |   354 ||   536
Invok: Lunge             |       |       |    18 ||    18
       Whirlwind         |       |       |    22 ||    22
 Abil: Breathe Dispellin |       |       |    30 ||    30
Evoke: Wand              |       |       |     9 ||     9
  Use: Scroll            |     1 |     4 |     4 ||     9
       Potion            |       |       |     2 ||     2
 Stab: Sleeping          |     1 |       |    11 ||    12
Armor: Skin              |    29 |    26 |    67 ||   122
Dodge: Dodged            |    46 |    67 |   166 ||   279
Block: Buckler           |    17 |    27 |    52 ||    96
       Kite shield       |       |       |    15 ||    15
